 Dungeon Crawl Stone Soup version 0.26.1-11-gd32895ea62 (webtiles) character file.

Game seed: 9294549731942457216

1981 dtburroughs the Chopper (level 9, -7/80 HPs)
             Began as a Minotaur Berserker on May 12, 2021.
             Was a Priest of Trog.
             Mangled by a cyclops (31 damage)
             ... on level 7 of the Dungeon.
             The game lasted 00:13:00 (7841 turns).

dtburroughs the Chopper (Minotaur Berserker)        Turns: 7841, Time: 00:13:01

Health: -7/80      AC:  9    Str: 23    XL:     9   Next: 1%
Magic:  8/8        EV: 13    Int:  7    God:    Trog [***...]
Gold:   374        SH:  0    Dex:  9    Spells: 8/8 levels left

rFire    . . .     SeeInvis .   C - +2 flail (drain)
rCold    . . .     Faith    .   (no shield)
rNeg     . . .     Spirit   .   H - +0 ring mail {Will+}
rPois    .         Reflect  .   (helmet restricted)
rElec    .         Harm     .   (no cloak)
rCorr    .         Rampage  .   c - +0 pair of gloves
Will     +....                  i - +0 pair of boots
Stlth    ..........             (no amulet)
HPRegen  0.23/turn              (no ring)
MPRegen  0.11/turn              (no ring)

@: no status effects
A: retaliatory headbutt, horns 2
a: Renounce Religion, Berserk, Trog's Hand


You were on level 7 of the Dungeon.
You worshipped Trog.
Trog was most pleased with you.
You visited 1 branch of the dungeon, and saw 7 of its levels.

You collected 374 gold pieces.

Inventory:

Hand Weapons
 a - a +0 hand axe
 t - a +1 whip of venom
 C - a +2 flail of draining (weapon)
 G - a +0 war axe
Armour
 c - a +0 pair of gloves (worn)
 h - a +0 plate armour
 i - a +0 pair of boots (worn)
 q - a +0 chain mail
 v - a +4 chain mail of positive energy
 H - a +0 ring mail of willpower (worn)
Jewellery
 w - an uncursed ring of ice
Wands
 y - a wand of flame (51)
 B - a wand of disintegration (11)
Scrolls
 b - 2 scrolls of amnesia {unknown}
 e - 2 scrolls of identify
 f - 3 scrolls of immolation
 k - a scroll of fear {unknown}
 l - 2 scrolls of enchant armour
 m - 3 scrolls of remove curse
 n - 7 scrolls of teleportation
 r - 3 scrolls of noise
 x - 2 scrolls of blinking {unknown}
 z - a scroll of enchant weapon {unknown}
 E - a scroll of random uselessness {unknown}
 F - a scroll of magic mapping {unknown}
Potions
 d - a potion of ambrosia {unknown}
 g - a potion of invisibility {unknown}
 j - 3 potions of curing
 o - 3 potions of brilliance {unknown}
 p - a potion of resistance {unknown}
 s - 2 potions of lignification {unknown}
 A - a potion of might {unknown}
 D - a potion of mutation {unknown}


   Skills:
 + Level 7.6 Fighting
 + Level 7.7 Axes
 + Level 7.1 Armour
 + Level 6.5 Dodging
 + Level 2.7 Evocations


You had 8 spell levels left.
You didn't know any spells.
Your spell library was empty.

Dungeon Overview and Level Annotations

Branches:
Dungeon (7/15)             Temple (0/1) D:6

Altars:
Fedhas
Gozag
Kikubaaqudgha
Makhleb
Nemelex Xobeh
Sif Muna
Xom
Yredelemnul
Zin

Shops:
D:6 =


Innate Abilities, Weirdness & Mutations

You reflexively headbutt those who attack you in melee.
You have a pair of horns on your head.


Message History

You kill the kobold!
Trog accepts your kill.
The kobold throws a stone.
The stone hits you but does no damage. The kobold closely misses you.
Things that are here:
a +0 short sword of electrocution; a +0 dagger; 3 poisoned darts You closely miss the kobold.
The kobold barely misses you.
You barely miss the kobold. The kobold misses you.
You sock the kobold!
You kill the kobold!
Trog accepts your kill.
The cyclops throws a large rock.
The large rock hits you!!! The cyclops hits you!
* * * LOW HITPOINT WARNING * * *
Things that are here:
a +0 short sword; 4 stones You hit the cyclops.
The cyclops is lightly wounded.
The cyclops hits you!!
You die...

..:.#####.###...†
.#. #.# ##.##
....#####.# #.##
........#.####.#.
#..............
#####.#.######.
### #.#.# #.
.....#########.#.#
#.
#..KC@((....(#.#
#.
##.########..#.#
(... #..#.# ...
#..... .. #..... .
.....## ..####
##.# #..


You could see a cyclops and a kobold.

Vanquished Creatures
  An orc warrior (D:6)
  2 ice beasts
  4 ogres
  A centaur (D:6)
  A big kobold (D:7)
  3 bullfrogs
  A scorpion (D:6)
  5 killer bees (D:7)
  A bullfrog skeleton (D:6)
  3 hounds
  2 orc priests
  2 iguanas (D:7)
  Natasha (thrice) (D:4)
  2 orc wizards (D:6)
  4 worker ants
  A hound skeleton (D:4)
  4 adders
  8 gnolls
  A howler monkey skeleton (D:4)
  2 ufetubi
  2 oozes
  3 adder skeletons
  An adder zombie (D:6)
  2 dart slugs
  2 leopard geckos
  23 orcs
  A ball python (D:1)
  5 bats
  5 giant cockroaches
  3 goblins
  8 hobgoblins
  13 jackals
  7 kobolds
  2 quokkas
  7 frilled lizards
  6 rats
141 creatures vanquished.

Notes
Turn   | Place    | Note
-------+----------+-------------------------------------------
     0 | D:1      | dtburroughs the Minotaur Berserker began the quest for the
                  | Orb.
     0 | D:1      | Reached XP level 1. HP: 19/19 MP: 0/0
   239 | D:1      | Reached XP level 2. HP: 4/27 MP: 1/1
  1130 | D:2      | Reached XP level 3. HP: 33/33 MP: 2/2
  1501 | D:2      | Reached ** piety under Trog
  2009 | D:2      | Found a burning altar of Makhleb.
  2016 | D:2      | Reached XP level 4. HP: 39/41 MP: 3/3
  2355 | D:3      | Reached XP level 5. HP: 25/47 MP: 4/4
  3333 | D:3      | Found a sparkling altar of Nemelex Xobeh.
  3515 | D:4      | Reached skill level 5 in Axes
  3610 | D:4      | Reached skill level 5 in Fighting
  3638 | D:4      | Noticed Natasha
  3648 | D:4      | Killed Natasha
  3716 | D:4      | Noticed Natasha
  3724 | D:4      | Killed Natasha
  3725 | D:4      | Reached XP level 6. HP: 36/56 MP: 5/5
  3959 | D:4      | Reached *** piety under Trog
  4163 | D:4      | Noticed Natasha
  4170 | D:4      | Killed Natasha
  4444 | D:5      | Entered Level 5 of the Dungeon
  4444 | D:5      | Noticed an ice beast
  4452 | D:5      | Killed an ice beast
  4919 | D:5      | Reached skill level 5 in Armour
  4919 | D:5      | Reached XP level 7. HP: 50/62 MP: 6/6
  5585 | D:6      | Found a staircase to the Ecumenical Temple.
  5669 | D:6      | Reached skill level 5 in Dodging
  6121 | D:6      | Reached XP level 8. HP: 51/71 MP: 7/7
  6297 | D:6      | Found Caytsiso's Jewellery Emporium.
  6547 | D:6      | Reached skill level 1 in Evocations
  6658 | D:6      | Found an opulent altar of Gozag.
  6658 | D:6      | Found a sparkling altar of Nemelex Xobeh.
  6948 | D:7      | Found a shimmering blue altar of Sif Muna.
  6949 | D:7      | Found an ancient bone altar of Kikubaaqudgha.
  6951 | D:7      | Found a blossoming altar of Fedhas.
  6953 | D:7      | Found a glowing silver altar of Zin.
  6954 | D:7      | Found a shimmering altar of Xom.
  7003 | D:7      | Found a basalt altar of Yredelemnul.
  7826 | D:7      | Noticed a cyclops
  7830 | D:7      | Reached XP level 9. HP: 68/80 MP: 8/8
  7841 | D:7      | Mangled by a cyclops

Illustrated notes

Levels and vault maps discovered:
D:1:      psy_arrival_statuary, layout_basic
D:2:      layout_loops_cross, makhleb_blood_cavern_becter
D:3:      layout_loops_cross, nemelex_dance_club_becter
D:4:      layout_basic, hex_tiny, uniq_natasha
D:5:      layout_loops_ring
D:6:      layout_gridville, grunt_temple_overflow_opulence, temple_statues,
          serial_shops, shop
D:7:      layout_loops_ring, yredelemnul_altar_generic,
          grunt_temple_overflow_open

Skill      XL: |  1  2  3  4  5  6  7  8 |
---------------+-------------------------+-----
Axes           | 4 5 6 7 |  7.7
Fighting       | 4 5 6 7 |  7.6
Armour         | 3 4 5 6 7 |  7.1
Dodging        | 3 4 5 6 |  6.5
Evocations     | 2 |  2.7

Action                   |  1- 3 |  4- 6 |  7- 9 || total
-------------------------+-------+-------+-------++-------
Melee: Hand axe          |    83 |   180 |     6 ||   269
       Headbutt          |     5 |    39 |    19 ||    63
       Flail             |       |       |   156 ||   156
Invok: Trog's Hand       |       |     1 |     1 ||     2
  Use: Scroll            |       |       |     6 ||     6
       Potion            |       |       |     1 ||     1
Armor: Animal skin       |     3 |       |       ||     3
       Ring mail         |    35 |    13 |    27 ||    75
       Chain mail        |       |    79 |    84 ||   163
Dodge: Dodged            |    67 |    78 |   124 ||   269
